 Dungeon Crawl Stone Soup version 0.28.0-53-g5a82cb258f (webtiles) character file.

Game seed: 13866814795030607319

1374 Peloso the Carver (level 8, -2/70 HPs)
             Began as a Minotaur Fighter on May 23, 2022.
             Slain by a wight
             ... wielding a +4 great sword
              (14 damage)
             ... on level 6 of the Dungeon.
             The game lasted 00:07:08 (5311 turns).

Peloso the Carver (Minotaur Fighter)                Turns: 5311, Time: 00:07:08

Health: -2/70      AC: 10    Str: 21    XL:     8   Next: 39%
Magic:  7/7        EV:  8    Int:  5    God:
Gold:   204        SH:  5    Dex: 12    Spells: 7/7 levels left

rFire   . . .      SeeInvis .   a - +0 long sword
rCold   . . .      Faith    .   c - +0 buckler
rNeg    + . .      Spirit   .   q - +0 chain mail
rPois   .          Reflect  .   (helmet restricted)
rElec   .          Harm     .   (no cloak)
rCorr   .          Rampage  .   (no gloves)
Will    .....                   (no boots)
Stlth   ..........              (no amulet)
HPRegen 0.21/turn               u - ring of positive energy
MPRegen 0.10/turn               (no ring)

@: no status effects
A: horns 2, retaliatory headbutt
a: no special abilities


You were on level 6 of the Dungeon.
You visited 1 branch of the dungeon, and saw 6 of its levels.

You collected 204 gold pieces.

Inventory:

Hand Weapons
 a - a +0 long sword (weapon)
 b - a +2 spear of flaming
Armour
 c - a +0 buckler (worn)
 q - a +0 chain mail (worn)
Jewellery
 j - an amulet of reflection
 u - a ring of positive energy (left hand)
Wands
 x - a wand of paralysis (15)
 z - a wand of acid (5)
Scrolls
 f - 2 scrolls of magic mapping {unknown}
 g - 3 scrolls of teleportation {unknown}
 h - 3 scrolls of enchant weapon {unknown}
 n - a scroll of blinking {unknown}
 p - a scroll of enchant armour {unknown}
 s - 2 scrolls of immolation {unknown}
 v - a scroll of fear {unknown}
 y - a scroll of vulnerability {unknown}
Potions
 d - 2 potions of might
 e - 2 potions of flight
 k - 3 potions of curing
 l - 2 potions of cancellation
 m - 3 potions of mutation {unknown}
 o - 2 potions of ambrosia {unknown}
 r - a potion of brilliance {unknown}
 t - 2 potions of attraction {unknown}
 w - a potion of invisibility {unknown}
 A - a potion of resistance {unknown}


   Skills:
 + Level 6.0 Fighting
 + Level 8.6 Long Blades
 + Level 7.6 Armour
 + Level 1.4 Dodging
 + Level 0.3 Stealth
 + Level 4.8 Shields


You had 7 spell levels left.
You didn't know any spells.
Your spell library was empty.

Dungeon Overview and Level Annotations

Branches:
Dungeon (6/15)             Temple (0/1) D:6

Altars:
Sif Muna
Yredelemnul


Innate Abilities, Weirdness & Mutations

You have a pair of horns on your head.
You reflexively headbutt those who attack you in melee.


Message History

The wight hits you with a +4 great sword!
The phantom hits you but does no damage.
You closely miss the wight.
The wight is heavily damaged.
The wight completely misses you. The phantom hits you.
The phantom blinks!
You blink.
The phantom hits you.
* * * LOW HITPOINT WARNING * * *
The phantom blinks!
You blink.
Unknown command.
The phantom completely misses you.
You closely miss the phantom.
The phantom hits you but does no damage.
You miss the phantom. Your headbutt misses the phantom.
The wight hits you with a +4 great sword!
* * * LOW HITPOINT WARNING * * *
You feel much better. You block the phantom's attack.
The wight hits you with a +4 great sword!
You hit the wight. Your headbutt misses the wight.
The wight is severely damaged.
The phantom hits you but does no damage.
You block the wight's attack.
You hit the wight but do no damage.
The wight is severely damaged.
You hear the brisk rusting of a drain nearby.
The phantom barely misses you. You furiously retaliate!
You headbutt the phantom. The orc barely misses you. You furiously retaliate!
You headbutt the orc.
You kill the orc!
The wight barely misses you.
You barely miss the wight.
The wight is severely damaged.
The phantom hits you!
* * * LOW HITPOINT WARNING * * *
The wight hits you with a +4 great sword!
* * * LOW HITPOINT WARNING * * *
The phantom closely misses you.
You feel better. The orc misses you.
The wight hits you with a +4 great sword!
You die...

##.......$...
####.##...##..
#.##...##..
#.........#
#####....>....##
..##...........#
......##...##..#
..###.##...##..####
..# #...........@W#
..# ####........zo#
### #..........#
#.....>....#
#######'#### #.#
#)# #.# ...


You could see a phantom, a wight and an orc.

Vanquished Creatures
  Sigmund (D:5)
  A hornet zombie (D:5)
  A necrophage (D:5)
  A gnoll sergeant (D:6)
  A water moccasin zombie (D:6)
  A wyvern zombie (D:5)
  4 scorpions
  2 howler monkeys
  3 centaur zombies (D:5)
  A bullfrog zombie (D:5)
  A centaur skeleton (D:4)
  A human zombie (D:5)
  A bullfrog skeleton (D:5)
  An iguana (D:5)
  2 scorpion zombies (D:5)
  A hound zombie (D:5)
  A mummy (D:5)
  A howler monkey zombie (D:5)
  Robin (D:3)
  4 gnolls (D:6)
  A howler monkey skeleton (D:5)
  6 adders
  2 white imps
  2 adder skeletons (D:5)
  An adder zombie (D:5)
  2 dart slugs
  5 orcs
  4 bats
  4 endoplasms
  2 giant cockroaches
  13 goblins
  10 hobgoblins
  3 kobolds
  2 quokkas
  10 ball pythons
  2 frilled lizards
  4 rats
103 creatures vanquished.

Notes
Turn   | Place    | Note
-------+----------+-------------------------------------------
     0 | D:1      | Peloso the Minotaur Fighter began the quest for the Orb.
     0 | D:1      | Reached XP level 1. HP: 19/19 MP: 0/0
   187 | D:1      | Reached XP level 2. HP: 27/27 MP: 1/1
   701 | D:2      | Reached XP level 3. HP: 32/33 MP: 2/2
   791 | D:2      | Reached skill level 3 in Long Blades
  1540 | D:3      | Found a faded altar of an unknown god.
  1634 | D:3      | Noticed Robin
  1646 | D:3      | Killed Robin
  1647 | D:3      | Reached XP level 4. HP: 37/40 MP: 3/3
  1680 | D:3      | Reached skill level 4 in Long Blades
  2105 | D:3      | Noticed a scorpion
  2115 | D:3      | Killed a scorpion
  2116 | D:3      | Reached skill level 5 in Long Blades
  2116 | D:3      | Reached XP level 5. HP: 20/47 MP: 4/4
  2892 | D:4      | Reached skill level 5 in Armour
  3172 | D:4      | Reached XP level 6. HP: 50/53 MP: 5/5
  3550 | D:5      | Entered Level 5 of the Dungeon
  3558 | D:5      | Found a shimmering blue altar of Sif Muna.
  3567 | D:5      | Reached skill level 6 in Long Blades
  3628 | D:5      | Reached skill level 5 in Fighting
  3741 | D:5      | Noticed Sigmund
  4093 | D:5      | Killed Sigmund
  4094 | D:5      | Reached skill level 1 in Dodging
  4094 | D:5      | Reached XP level 7. HP: 23/61 MP: 6/6
  4689 | D:5      | Reached skill level 7 in Long Blades
  4712 | D:5      | Found a basalt altar of Yredelemnul.
  4765 | D:5      | Reached XP level 8. HP: 39/70 MP: 7/7
  5038 | D:5      | Reached skill level 8 in Long Blades
  5069 | D:6      | Found a staircase to the Ecumenical Temple.
  5311 | D:6      | Slain by a wight

Illustrated notes

Levels and vault maps discovered:
D:1:      nicolae_arrival_washed_ashore, layout_rooms
D:2:      layout_basic
D:3:      layout_loops_ring, nicolae_ecumenical_pavilion, chequers_arboretum,
          serial_park_tiny_pond, uniq_robin
D:4:      layout_rooms
D:5:      layout_rooms, lemuel_mausoleum_altar_yredelemnul,
          nicolae_sif_muna_little_library, uniq_sigmund
D:6:      layout_basic, mainiacjoe_overflow_concentric_impassable,
          minmay_temple_entry_stoned_glass, gup_sewer_entry_bubbles,
          minmay_misc_feat_ornament, minmay_misc_feat_tiny,
          grunt_decor_mini_mirrors

Skill      XL: |  1  2  3  4  5  6  7  8 |
---------------+-------------------------+-----
Armour         | 4 5 6 7 |  7.6
Fighting       | 4 5 6 |  6.0
Long Blades    | 3 5 6 7 8 |  8.6
Shields        | 4 |  4.8
Dodging        | 1 |  1.4
Stealth        | |  0.3

Action                   |  1- 3 |  4- 6 |  7- 9 || total
-------------------------+-------+-------+-------++-------
Melee: Long sword        |    89 |   129 |   134 ||   352
       Headbutt          |     3 |    21 |    31 ||    55
  Use: Scroll            |       |     3 |     1 ||     4
       Potion            |       |       |     2 ||     2
Armor: Scale mail        |    52 |       |       ||    52
       Chain mail        |     3 |    58 |    60 ||   121
Dodge: Dodged            |    44 |    40 |    46 ||   130
Block: Buckler           |    19 |    34 |    35 ||    88
